 Dungeon Crawl Stone Soup version 0.23-a0-837-ga3e6480 (webtiles) character file.

131948 Mgcat the Arsonist (level 17, -7/140 HPs)
             Began as a Hill Orc Fire Elementalist on Jan 24, 2019.
             Was a High Priest of Vehumet.
             Blown up by an orb spider (48 damage)
             ... with an orb of destruction
             ... on level 2 of the Spider Nest.
             The game lasted 02:39:14 (51365 turns).

Mgcat the Arsonist (Hill Orc Fire Elementalist)    Turns: 51365, Time: 02:39:15

Health: -7/140     AC: 20    Str: 13    XL:     17   Next: 11%
Magic:  18/30      EV: 20    Int: 22    God:    Vehumet [*****.]
Gold:   66         SH:  4    Dex: 11    Spells: 5/35 levels left

rFire    + . .     SeeInvis .   J - +7 sceptre of Torment {pain, torment}
rCold    . . .     Gourm    +   p - +0 buckler of the Maze {rN+ Int+2}
rNeg     + . .     Faith    .   N - +2 ring mail {rF+}
rPois    .         Spirit   .   n - +1 helmet
rElec    .         Reflect  .   I - +1 cloak
rCorr    .         Harm     .   i - +2 pair of gloves
MR       +....                  G - +2 pair of boots
Stlth    ++........             E - amulet of the gourmand {Gourm, !d}
HPRegen  0.33/turn              q - ring of wizardry {Wiz+, !d}
MPRegen  0.22/turn              h - +6 ring of evasion

@: lethally poisoned (-7 -> -13)
A: no striking features
a: Renounce Religion


You were on level 2 of the Spider Nest.
You worshipped Vehumet.
Vehumet was extremely pleased with you.
You were hungry.

You visited 6 branches of the dungeon, and saw 29 of its levels.
You also visited: Sewer.

You collected 2683 gold pieces.
You spent 2617 gold pieces at shops.

Inventory:

Hand Weapons
 e - a +9 eveningstar of crushing
   (You took it off Urug on level 11 of the Dungeon)
 f - the +6 dagger "Iwishiol" {freeze, *Slow +Inv rN+ SInv}
   (You found it on level 7 of the Dungeon)

   It has been specially enchanted to freeze those struck by it, causing extra
   injury to most foes and up to half again as much damage against particularly
   susceptible opponents.
   It can also slow down cold-blooded creatures.
   It protects you from negative energy.
   It lets you see invisible.
   It lets you turn invisible.
   It may slow you when you take damage.
 J - the +7 sceptre of Torment (weapon) {pain, torment}
   (You bought it in a shop on level 2 of the Orcish Mines)

   In the hands of one skilled in necromantic magic, it inflicts extra damage on
   living creatures.
Missiles
 K - 6 throwing nets {=f, !d}
Armour
 i - a +2 pair of gloves (worn)
   (You found it on level 1 of the Dungeon)
 n - a +1 helmet (worn)
   (You took it off Robin on level 3 of the Dungeon)
 p - the +0 buckler of the Maze (worn) {rN+ Int+2}
   (You acquired it on level 9 of the Dungeon)

   It affects your intelligence (+2).
   It protects you from negative energy.
 G - a +2 pair of boots (worn)
   (You found it on level 2 of the Lair of Beasts)
 I - a +1 cloak (worn)
   (You found it on level 2 of the Lair of Beasts)
 N - a +2 ring mail of fire resistance (worn)
   (You took it off an orc on level 1 of the Orcish Mines)
Jewellery
 h - a +6 ring of evasion (right hand)
   (You found it on level 7 of the Dungeon)
 q - a ring of wizardry (left hand) {Wiz+, !d}
   (You found it on level 3 of the Dungeon)
 u - an uncursed ring of protection from cold {rC+, !d}
   (You found it on level 5 of the Dungeon)
 D - an uncursed ring of protection from fire {rF+, !d}
   (You found it on level 10 of the Dungeon)
 E - an amulet of the gourmand (around neck) {Gourm, !d}
   (You found it on level 10 of the Dungeon)
 P - an uncursed ring of positive energy {rN+}
   (You found it on level 1 of the Spider Nest)
Wands
 y - a wand of digging (3)
   (You found it on level 6 of the Dungeon)
 A - a wand of paralysis (18)
   (You found it on level 7 of the Dungeon)
 F - a wand of flame (17)
   (You took it off a big kobold on level 8 of the Dungeon)
Scrolls
 d - a scroll of teleportation
 m - 3 scrolls of enchant armour
 o - 11 scrolls of remove curse
 s - a scroll of blinking {!r}
 x - 2 scrolls of fog
 z - 3 scrolls of magic mapping {!r}
 C - 2 scrolls of fear
 L - 8 scrolls of identify
 O - 2 scrolls of amnesia
Potions
 a - a potion of resistance
 g - 2 potions of mutation {!q}
 j - 3 potions of curing
 l - 5 potions of might
 r - 3 potions of haste
 t - 7 potions of brilliance
 v - 3 potions of flight
Miscellaneous
 B - a phial of floods (inert)
   (You found it on level 10 of the Dungeon)
Comestibles
 b - 4 chunks of flesh {@w0}
 c - 57 rations


   Skills:
 - Level 10.0 Fighting
 + Level 12.7 Maces & Flails
 - Level 8.0 Armour
 - Level 8.3 Dodging
 - Level 4.2 Stealth
 - Level 4.1 Shields
 - Level 9.8 Spellcasting
 - Level 12.2 Conjurations
 + Level 3.5 Necromancy
 - Level 13.6 Fire Magic
 - Level 10.0 Evocations


You had 5 spell levels left.
You knew the following spells:

 Your Spells              Type           Power        Failure   Level  Hunger
a - Flame Tongue          Conj/Fire      #####        1%          1    None
b - Throw Flame           Conj/Fire      ######       1%          2    None
c - Conjure Flame         Conj/Fire      ######..     1%          3    None
d - Sticky Flame          Conj/Fire      ######..     1%          4    ##.....
e - Fireball              Conj/Fire      ######....   1%          5    ####...
f - Bolt of Fire          Conj/Fire      ######....   1%          6    ######.
g - Iron Shot             Conj/Erth      #####.....   16%         6    ######.
h - Regeneration          Chrm/Necr      ###.......   7%          3    None

Your spell library contained the following spells:

 Spells                   Type           Power        Failure   Level  Hunger
 Lightning Bolt           Conj/Air       #####.....   3%          5    ####...
 Animate Skeleton         Necr           N/A          1%          1    None
 Freeze                   Ice            ##..         1%          1    None
 Pain                     Necr           ####         1%          1    None
 Throw Frost              Conj/Ice       #####.       1%          2    None
 Dazzling Spray           Conj/Hex       #####.       1%          3    None
 Inner Flame              Hex/Fire       #####...     1%          3    None
 Mephitic Cloud           Conj/Pois/Air  ####....     1%          3    None
 Throw Icicle             Conj/Ice       #####...     1%          4    ##.....
 Bolt of Magma            Conj/Fire/Erth #####.....   1%          5    ####...
 Vampiric Draining        Necr           ####......   3%          3    None
 Iskenderun's Battlesphe  Conj/Chrm      #####...     3%          5    ####...
 Venom Bolt               Conj/Pois      #####.....   3%          5    ####...
 Apportation              Tloc           ##....       4%          1    None
 Beastly Appendage        Tmut           ##....       4%          1    None
 Corona                   Hex            ##.....      4%          1    None
 Infusion                 Chrm           ##..         4%          1    None
 Summon Butterflies       Summ           ##......     4%          1    None
 Summon Small Mammal      Summ           ##..         4%          1    None
 Call Imp                 Summ           ##......     8%          2    None
 Ensorcelled Hibernation  Hex/Ice        ##....       8%          2    None
 Poisonous Vapours        Pois/Air       ##....       8%          2    None
 Shroud of Golubria       Chrm/Tloc      ##........   8%          2    None
 Song of Slaying          Chrm           ##......     8%          2    None
 Sticks to Snakes         Tmut           ##......     8%          2    None
 Animate Dead             Necr           N/A          12%         4    ##.....
 Call Canine Familiar     Summ           ##......     14%         3    None
 Confuse                  Hex            ##......     14%         3    None
 Lesser Beckoning         Tloc           ##........   14%         3    None
 Ozocubu's Armour         Chrm/Ice       ##......     14%         3    None
 Spectral Weapon          Hex/Chrm       ##......     14%         3    None
 Spider Form              Tmut/Pois      ##........   14%         3    None
 Summon Guardian Golem    Hex/Summ       ##......     14%         3    None
 Tukima's Dance           Hex            ##......     14%         3    None
 Ice Form                 Ice/Tmut       ##......     41%         4    ##.....
 Summon Ice Beast         Ice/Summ       ##......     41%         4    ##.....
 Summon Lightning Spire   Summ/Air       ##......     41%         4    ##.....
 Alistair's Intoxication  Tmut/Pois      ##......     75%         5    ####...
 Blade Hands              Tmut           ##........   75%         5    ####...
 Orb of Destruction       Conj           ######....   8%          7    #######
 Freezing Cloud           Conj/Ice/Air   ####......   32%         6    ######.
 Spellforged Servitor     Conj/Summ      #####.....   56%         7    #######
 Ring of Flames           Chrm/Fire      #####.....   91%         7    #######
 Invisibility             Hex            ##......     99%         6    ######.


Dungeon Overview and Level Annotations

Branches:
Dungeon (15/15)            Temple (1/1) D:7            Lair (6/6) D:9
  Swamp (3/4) Lair:3       Spider (2/4) Lair:4        Slime (0/5) Lair:6
    Orc (2/2) D:10            Elf (0/3) Orc:2        Vaults (0/5) D:14
 Depths (0/5) D:15

Altars:
Ashenzari
Cheibriados
Dithmenos
Elyvilon
Gozag
Hepliaklqana
Nemelex Xobeh
Okawaru
Qazlal
Ru
Trog
Uskayaw
Vehumet
Xom
Zin
The Shining One
Beogh
Jiyva

Shops:
D:3 *   D:5 =   D:12 [   D:15 **   Orc:2 ([:*

Portals:
Ice
Cave: Spider:2

Annotations:
D:9 2 runed doors
D:15 3 runed doors, 1 exclusion, Hese's ghost, adept DEFE
Swamp:1 exclusion: Roxanne, Roxanne
Spider:2 exclusion: ice statue


Message History

You feel sick. The wolf spider closely misses you.
The wolf spider completely misses you.
The demonic crawler hits you but does no damage.
The demonic crawler misses you. x2
You take 2 damage, and have 70/140 hp.
You now have 19/30 mp.
Warning x2: The wolf spider is fast and can hit for high damage in melee, and can poison!
The orb spider is fast and can cast Orb of Destruction!
You feel very sick.
The demonic crawler hits you but does no damage.
You block the demonic crawler's attack.
The demonic crawler completely misses you.
The wolf spider hits you but does no damage.
The wolf spider barely misses you.
You take 3 damage, and have 67/140 hp.
Warning x2: The wolf spider is fast and can hit for high damage in melee, and can poison!
The orb spider is fast and can cast Orb of Destruction!
Casting: Fireball (safe; 1% risk of failure)
Confirm with . or Enter, or press ? or * to list all spells.
Aiming: Fireball (safe; 1% risk of failure)
Press: ? - help, Shift-Dir - straight line
Okay, then.
Warning x2: The wolf spider is fast and can hit for high damage in melee, and can poison!
The orb spider is fast and can cast Orb of Destruction!
Unknown command.
Warning x2: The wolf spider is fast and can hit for high damage in melee, and can poison!
The orb spider is fast and can cast Orb of Destruction!
You feel sick.
You take 1 damage, and have 66/140 hp.
Warning x2: The wolf spider is fast and can hit for high damage in melee, and can poison!
The orb spider is fast and can cast Orb of Destruction!
You feel sick. The demonic crawler misses you.
You block the demonic crawler's attack.
The demonic crawler hits you but does no damage.
You take 2 damage, and have 64/140 hp.
Warning x2: The wolf spider is fast and can hit for high damage in melee, and can poison!
The orb spider is fast and can cast Orb of Destruction!
Casting: Fireball (safe; 1% risk of failure)
Confirm with . or Enter, or press ? or * to list all spells.
Aiming: Sticky Flame (safe; 1% risk of failure)
Press: ? - help, Shift-Dir - straight line, f - wolf spider
Aim: a wolf spider (heavily wounded)
The sticky flame hits the wolf spider!
The wolf spider is severely wounded.
The wolf spider is covered in liquid flames!
You feel sick.
The wolf spider burns!
The wolf spider hits you. The wolf spider barely misses you.
The demonic crawler closely misses you. You block the demonic crawler's attack.
The demonic crawler closely misses you. The wolf spider misses you.
The wolf spider bites you.
You take 4 damage, and have 60/140 hp.
You now have 16/30 mp.
Warning x2: The orb spider is fast and can cast Orb of Destruction!
The wolf spider (burning) is fast and can hit for high damage in melee, and can poison!
Casting: Sticky Flame (safe; 1% risk of failure)
Confirm with . or Enter, or press ? or * to list all spells.
Aiming: Sticky Flame (safe; 1% risk of failure)
Press: ? - help, Shift-Dir - straight line, f - demonic crawler, p - wolf spider
Aim: a demonic crawler (severely wounded, clinging)
The sticky flame hits the demonic crawler.
The demonic crawler resists.
The demonic crawler is severely wounded.
The demonic crawler is covered in liquid flames!
You feel sick.
The wolf spider burns!
The demonic crawler burns!
The demonic crawler misses you. The demonic crawler closely misses you.
The demonic crawler misses you. The wolf spider hits you!
The wolf spider misses you.
You take 8 damage, and have 52/140 hp.
You now have 12/30 mp.
Warning x2: The orb spider is fast and can cast Orb of Destruction!
The wolf spider (burning) is fast and can hit for high damage in melee, and can poison!
You barely miss the wolf spider.
The wolf spider is almost dead.
You feel sick.
The wolf spider burns!
The demonic crawler burns!
The demonic crawler misses you. You block the demonic crawler's attack.
The demonic crawler closely misses you. The wolf spider misses you.
The wolf spider bites you. The demonic crawler misses you.
The demonic crawler hits you but does no damage. x2
You take 6 damage, and have 46/140 hp.
Warning x2: The orb spider is fast and can cast Orb of Destruction!
The wolf spider (burning) is fast and can hit for high damage in melee, and can poison!
Unknown command.
Warning x2: The orb spider is fast and can cast Orb of Destruction!
The wolf spider (burning) is fast and can hit for high damage in melee, and can poison!
You bludgeon the wolf spider!!
The orb spider convulses!
You kill the wolf spider!
Vehumet accepts your kill.
You feel your power returning.
You feel sick.
The demonic crawler burns!
The demonic crawler barely misses you. You block the demonic crawler's attack.
The demonic crawler hits you but does no damage.
You take 2 damage, and have 44/140 hp.
You regained 5 mp, and now have 17/30 mp.
Spoiler Alert: The orb spider is fast and can cast Orb of Destruction!
Unknown command.
Unknown command.
You impale the demonic crawler!!
You kill the demonic crawler!
Vehumet accepts your kill.
You feel sick.
The orb spider weaves a glowing orb of energy.
An orb of destruction comes into view.
Spoiler Alert: The orb spider is fast and can cast Orb of Destruction!
Unknown command.
Unknown command.
Unknown command.
Unknown command.
You feel sick.
You see here a demonic crawler corpse.
You take 1 damage, and have 43/140 hp.
Spoiler Alert: The orb spider is fast and can cast Orb of Destruction!
Unknown command.
Unknown command.
You feel sick. The orb of destruction hits you!!!
You die...

.............†........
..^..............s.. ......#
....#...........^.. .......
#............#^ .......
##.......†....#
.......#######s............#
.......#.....°.............#
....^..#....○............[.≈
......≈#....†@..........##.
#..≈...≈##........####
####.≈####.........# ####
##.).....[# #.........#
).......... s........##
........... ............


You could see an orb spider.

Vanquished Creatures
  3 thorn hunters
  A ghoul (Swamp:1)
  2 orc warlords (Orc:2)
  A stone giant (Orc:1)
  Josephine (Orc:2)
  2 vault guards (D:14)
  A yaktaur captain (D:15)
  8 hydras
  Harold (D:7)
  A ghost crab (Swamp:1)
  2 shambling mangroves
  3 centaur warriors
  A catoblepas (Lair:6)
  A tengu warrior (D:13)
  9 alligators
  4 two-headed ogres
  Urug (D:11)
  3 death yaks (D:9)
  5 orc high priests
  A deep elf knight (Orc:1)
  Nergalle (Lair:4)
  8 skeletal warriors
  2 spriggan druids (Swamp:3)
  An unseen horror (D:15)
  A wolf spider zombie (D:13)
  2 swamp dragons
  4 orc sorcerers
  6 orc knights
  5 ugly things
  2 orb spiders (Spider:2)
  3 deep elf magi
  4 wolf spiders
  2 manticores
  A black mamba (Lair:3)
  A centaur zombie (D:11)
  Joseph (D:7)
  8 elephants
  2 gargoyles
  5 komodo dragons
  A yaktaur (shapeshifter) (D:15)
  3 rime drakes
  A yaktaur (D:15)
  3 demonic crawlers (Spider:2)
  A freezing wraith (D:15)
  29 spiny frogs
  2 tengu conjurers (D:13)
  4 trolls
  6 jumping spiders
  A queen bee (D:11)
  26 blink frogs
  A polar bear (Lair:3)
  9 tyrant leeches
  22 slime creatures
  11 hornets
  9 hippogriffs
  Grinder (D:4)
  12 bog bodies
  7 redbacks
  2 spriggans
  2 shadows
  4 tarantellas (Spider:2)
  A basilisk (shapeshifter) (D:15)
  5 wraiths
  6 humans (D:14)
  A wyvern (D:15)
  2 basilisks
  3 steam dragons (D:8)
  57 yaks
  2 hungry ghosts (D:7)
  28 vampire mosquitoes
  6 insubstantial wisps
  Edmund (D:6)
  12 wargs
  9 swamp worms
  An acid dragon (D:15)
  15 water moccasins
  Duvessa (D:7)
  8 porcupines
  7 swamp drakes
  3 sky beasts
  34 orc warriors
  4 black bears
  4 necrophages (Swamp:1)
  3 ice beasts
  11 ogres
  11 centaurs
  15 wolves
  9 crocodiles
  A big kobold (D:8)
  37 bullfrogs
  A wyvern skeleton (D:8)
  Dowan (D:7)
  4 scorpions
  36 killer bees
  7 wights
  6 electric eels
  4 howler monkeys
  4 crimson imps
  A quasit (D:9)
  A bullfrog zombie (D:11)
  4 bullfrog skeletons
  4 hounds
  3 jellies
  10 orc priests
  4 iguanas
  16 orc wizards
  Ijyb (D:5)
  5 centaur skeletons
  7 worker ants
  2 hound zombies
  Robin (D:3)
  8 gnolls
  A worker ant zombie (D:11)
  3 howler monkey skeletons
  3 river rats (Sewer)
  21 adders
  6 shadow imps
  2 oozes
  An adder zombie (D:3)
  4 adder skeletons
  A worm (D:3)
  3 dart slugs
  2 leopard geckos
  75 orcs
  17 ball pythons
  13 bats
  6 giant cockroaches
  26 goblins
  17 hobgoblins
  8 jackals
  10 kobolds
  2 quokkas
  A ball python zombie (D:3)
  6 frilled lizards
  2 quokka skeletons (D:3)
  33 rats
  A briar patch (Swamp:3)
  3 fungi (Swamp:3)
961 creatures vanquished.

Vanquished Creatures (collateral kills)
  An orb spider (Spider:2)
  A jumping spider (Spider:2)
  3 blink frogs (Lair:4)
  A tarantella (Spider:2)
  2 redbacks (Spider:2)
  A human (D:14)
9 creatures vanquished.

Vanquished Creatures (others)
  An alligator (Swamp:3)
  2 hornets (Swamp:1)
  3 humans (D:14)
  4 bushes (Lair:6)
  31 fungi
  33 plants
74 creatures vanquished.

Grand Total: 1044 creatures vanquished

Notes
Turn   | Place    | Note
-------+----------+-------------------------------------------
     0 | D:1      | Mgcat the Hill Orc Fire Elementalist began the quest for
                  | the Orb.
     0 | D:1      | Reached XP level 1. HP: 14/14 MP: 3/3
   176 | D:1      | HP: 3/14 [hobgoblin/+0 club (5)]
   446 | D:1      | Reached XP level 2. HP: 11/20 MP: 0/4
  1106 | D:1      | Reached skill level 2 in Spellcasting
  1106 | D:1      | Reached XP level 3. HP: 25/26 MP: 1/6
  1220 | D:1      | Reached skill level 2 in Conjurations
  1468 | D:1      | Learned a level 2 spell: Throw Flame
  1472 | D:1      | Learned a level 3 spell: Conjure Flame
  1746 | D:1      | Reached skill level 4 in Fire Magic
  1856 | D:2      | Found a hide-covered altar of Uskayaw.
  2005 | D:2      | Reached XP level 4. HP: 33/33 MP: 4/7
  2404 | D:2      | Found a sparkling altar of Nemelex Xobeh.
  2416 | D:2      | Found an opulent altar of Gozag.
  2884 | D:2      | Found a snail-covered altar of Cheibriados.
  3128 | D:3      | Reached XP level 5. HP: 38/38 MP: 5/8
  3494 | D:3      | Reached skill level 3 in Conjurations
  3778 | D:3      | You fall through a shaft!
  3789 | D:4      | Reached XP level 6. HP: 43/45 MP: 0/10
  3870 | D:4      | Reached skill level 3 in Spellcasting
  3870 | D:4      | Reached skill level 5 in Fire Magic
  4189 | D:4      | Found a stormy altar of Qazlal.
  4601 | D:4      | Noticed Grinder
  4650 | D:4      | Killed Grinder
  4650 | D:4      | Reached skill level 4 in Conjurations
  4650 | D:4      | Reached XP level 7. HP: 50/50 MP: 3/12
  4730 | D:3      | Found Zin's Purification Station.
  4799 | D:3      | Found a glowing silver altar of Zin.
  4927 | D:3      | Noticed Robin
  4929 | D:3      | Killed Robin
  4935 | D:3      | Reached skill level 6 in Fire Magic
  5259 | D:3      | Learned a level 4 spell: Sticky Flame
  5281 | D:3      | Found a glowing golden altar of the Shining One.
  6072 | D:5      | Entered Level 5 of the Dungeon
  6314 | D:5      | Found Affisme's Jewellery Shop.
  6334 | D:5      | Reached skill level 4 in Spellcasting
  6334 | D:5      | Reached skill level 5 in Conjurations
  6334 | D:5      | Reached XP level 8. HP: 57/57 MP: 5/14
  6376 | D:5      | Bought a cursed ring of teleportation for 67 gold pieces
  6376 | D:5      | Bought a cursed -3 ring of dexterity for 30 gold pieces
  6716 | D:5      | Learned a level 5 spell: Fireball
  7084 | D:5      | Noticed Ijyb
  7093 | D:5      | Killed Ijyb
  7689 | D:6      | Found a glowing drain.
  7699 | D:6      | Reached skill level 7 in Fire Magic
  7717 | Sewer    | Entered a sewer
  8560 | D:6      | Reached skill level 6 in Conjurations
  8600 | D:6      | Reached skill level 5 in Spellcasting
  8756 | D:6      | Reached XP level 9. HP: 62/62 MP: 6/16
  8889 | D:6      | Noticed Edmund
  8957 | D:6      | Reached skill level 8 in Fire Magic
  9623 | D:6      | Killed Edmund
  9623 | D:6      | Reached skill level 7 in Conjurations
  9908 | D:7      | Found a staircase to the Ecumenical Temple.
  9917 | Temple   | Entered the Ecumenical Temple
  9920 | Temple   | Became a worshipper of Vehumet
 10304 | D:7      | Got a jewelled dagger
 10343 | D:7      | Identified the +6 dagger "Iwishiol" {freeze, *Slow +Inv rN+
                  | SInv} (You found it on level 7 of the Dungeon)
 10397 | D:7      | Reached skill level 6 in Spellcasting
 10397 | D:7      | Reached skill level 9 in Fire Magic
 10655 | D:7      | Found a white marble altar of Elyvilon.
 10690 | D:7      | Noticed Joseph
 10692 | D:7      | Noticed Duvessa
 10875 | D:8      | Reached XP level 10. HP: 69/69 MP: 14/19
 10910 | D:8      | Reached skill level 8 in Conjurations
 11032 | D:8      | Reached skill level 1 in Evocations
 11410 | D:7      | Noticed Harold
 11424 | D:7      | HP: 9/70 [Harold/+1 trident of venom (15)]
 11741 | D:8      | Reached skill level 1 in Fighting
 11742 | D:8      | Reached skill level 2 in Evocations
 11826 | D:8      | Reached skill level 1 in Armour
 12034 | D:8      | Found a sacrificial altar of Ru.
 12129 | D:8      | Reached * piety under Vehumet
 12129 | D:8      | Offered knowledge of Magic Dart by Vehumet.
 12129 | D:8      | Reached skill level 2 in Dodging
 12755 | D:9      | Reached skill level 1 in Shields
 12863 | D:9      | Reached skill level 2 in Fighting
 13041 | D:9      | Reached skill level 2 in Shields
 13189 | D:9      | Found a hazy altar of Hepliaklqana.
 13218 | D:9      | Found a staircase to the Lair.
 13219 | D:9      | Noticed a death yak
 13219 | D:9      | Noticed a death yak
 13349 | D:9      | Reached skill level 3 in Shields
 13509 | D:9      | Found a white marble altar of Elyvilon.
 13656 | D:9      | Found a runed door.
 13656 | D:9      | Noticed an ice dragon
 13657 | D:9      | Found the +2 shield of Resistance {rF+ rC+ MR+}
 13657 | D:9      | Noticed a fire dragon
 13657 | D:9      | Noticed an ice dragon
 13658 | D:9      | Noticed a fire dragon
 13660 | D:9      | Found a runed door.
 13720 | D:9      | Reached skill level 4 in Shields
 13752 | D:9      | Noticed a death yak
 13908 | D:9      | Killed a death yak
 13908 | D:9      | Reached skill level 3 in Fighting
 13908 | D:9      | Reached skill level 3 in Armour
 14092 | D:9      | Reached skill level 3 in Dodging
 14242 | D:9      | HP: 11/77 [death yak (15)]
 14244 | D:9      | Killed a death yak
 14244 | D:9      | Reached skill level 4 in Fighting
 14244 | D:9      | Reached skill level 4 in Armour
 14247 | D:9      | Killed a death yak
 14247 | D:9      | Reached skill level 5 in Fighting
 14247 | D:9      | Reached XP level 11. HP: 14/86 MP: 2/20
 14538 | D:9      | Reached skill level 4 in Dodging
 14548 | D:9      | Reached skill level 5 in Armour
 14739 | D:9      | Identified a scroll of acquirement
 14742 | D:9      | Got a jewelled buckler
 14753 | D:9      | Identified the +0 buckler of the Maze {rN+ Int+2} (You
                  | acquired it on level 9 of the Dungeon)
 14779 | D:10     | Entered Level 10 of the Dungeon
 14978 | D:10     | Found a staircase to the Orcish Mines.
 15119 | D:10     | Reached skill level 6 in Fighting
 15807 | D:11     | Noticed a purple ugly thing
 15860 | D:11     | Reached skill level 5 in Dodging
 15922 | D:11     | Reached skill level 7 in Fighting
 15947 | D:11     | Killed a purple ugly thing
 15955 | D:11     | Reached ** piety under Vehumet
 15955 | D:11     | Offered knowledge of Throw Frost by Vehumet.
 16027 | D:11     | Noticed a cyan ugly thing
 16153 | D:11     | Reached skill level 8 in Fighting
 16221 | D:11     | You fall through a shaft!
 16613 | D:11     | Noticed Urug
 16720 | D:11     | Killed a cyan ugly thing
 16720 | D:11     | Reached skill level 9 in Fighting
 16807 | D:11     | Noticed a two-headed ogre
 16823 | D:11     | Killed a two-headed ogre
 16823 | D:11     | Reached skill level 10 in Fighting
 17075 | D:11     | Offered knowledge of Ignite Poison by Vehumet.
 17171 | D:11     | Noticed a two-headed ogre
 17174 | D:11     | Killed a two-headed ogre
 17174 | D:11     | Reached skill level 3 in Evocations
 17174 | D:11     | Reached XP level 12. HP: 45/106 MP: 9/21
 17968 | D:11     | Reached skill level 10 in Fire Magic
 18046 | D:11     | Reached *** piety under Vehumet
 18161 | D:11     | Reached skill level 6 in Armour
 18644 | Lair:1   | Entered Level 1 of the Lair of Beasts
 18695 | Lair:1   | Reached skill level 4 in Evocations
 18961 | Lair:1   | Reached skill level 7 in Spellcasting
 19192 | Lair:1   | Reached skill level 9 in Conjurations
 19254 | Lair:1   | Offered knowledge of Iskenderun's Mystic Blast by Vehumet.
 20464 | Lair:2   | Reached skill level 5 in Evocations
 20700 | Lair:2   | Reached skill level 7 in Armour
 20771 | Lair:2   | Reached **** piety under Vehumet
 21772 | Lair:3   | Reached XP level 13. HP: 113/113 MP: 0/24
 22158 | Lair:3   | Reached skill level 11 in Fire Magic
 22403 | Lair:3   | Offered knowledge of Fulminant Prism by Vehumet.
 22519 | Lair:3   | Found a staircase to the Swamp.
 22554 | Lair:3   | Reached skill level 6 in Evocations
 22602 | Lair:3   | Reached skill level 8 in Armour
 22611 | Lair:3   | HP: 25/113 [yak (11)]
 23589 | Lair:4   | Reached skill level 10 in Conjurations
 23957 | Lair:4   | Reached skill level 8 in Spellcasting
 24223 | Lair:4   | Found a hole to the Spider Nest.
 25068 | Lair:5   | Reached skill level 7 in Evocations
 25332 | Lair:5   | Got a polished scimitar
 25522 | Lair:6   | Entered Level 6 of the Lair of Beasts
 25858 | Lair:6   | Reached ***** piety under Vehumet
 25858 | Lair:6   | Offered knowledge of Conjure Ball Lightning by Vehumet.
 25878 | Lair:6   | HP: 28/113 [spiny frog (20)]
 25881 | Lair:5   | HP: 12/113 [poisoned by a spiny frog]
 26247 | Lair:6   | Identified the +6 scimitar of Jifroj {flame, rN+ Str-4
                  | Dex+4 SInv} (You found it on level 5 of the Lair of Beasts)
 26534 | Lair:5   | Reached skill level 12 in Fire Magic
 27208 | Lair:5   | Reached XP level 14. HP: 121/121 MP: 7/26
 28128 | Lair:5   | Reached skill level 8 in Evocations
 28449 | Lair:6   | Reached skill level 11 in Conjurations
 29488 | Lair:6   | Reached skill level 9 in Spellcasting
 30495 | Lair:6   | Found a viscous altar of Jiyva.
 30496 | Lair:6   | Found a staircase to the Slime Pits.
 30920 | Orc:1    | Entered Level 1 of the Orcish Mines
 31564 | Orc:2    | Entered Level 2 of the Orcish Mines
 31876 | Orc:1    | Offered knowledge of Bolt of Fire by Vehumet.
 31884 | Orc:1    | Learned a level 6 spell: Bolt of Fire
 32187 | Orc:2    | Reached skill level 2 in Stealth
 32226 | Orc:2    | Noticed an orc warlord
 32485 | Orc:1    | Reached skill level 13 in Fire Magic
 32979 | Orc:2    | Found a staircase to the Elven Halls.
 32980 | Orc:2    | Noticed a stone giant
 32984 | Orc:2    | HP: 24/121 [stone giant/large rock (42)]
 33316 | Orc:2    | Found Veceripny's Book Shoppe.
 33320 | Orc:2    | Noticed Josephine
 33439 | Orc:1    | Killed a stone giant
 34012 | Orc:1    | Reached skill level 3 in Stealth
 34237 | Orc:2    | Noticed an orc warlord
 34469 | Orc:2    | Killed an orc warlord
 34469 | Orc:2    | Reached XP level 15. HP: 76/126 MP: 28/28
 34684 | Orc:2    | Killed an orc warlord
 34684 | Orc:2    | Reached skill level 12 in Conjurations
 35366 | Orc:2    | Reached skill level 9 in Evocations
 35570 | Orc:2    | Offered knowledge of Bolt of Magma by Vehumet.
 35716 | Orc:2    | Killed Josephine
 36396 | Orc:2    | Found Dalurgh's General Store.
 36406 | Orc:2    | Reached skill level 4 in Stealth
 36538 | Orc:2    | Found Tunyxain's Antique Armour Shop.
 36688 | Orc:2    | Found Domp's Antique Weapon Boutique.
 37004 | D:7      | Killed Harold
 37256 | D:7      | Killed Joseph
 37256 | D:7      | Noticed Dowan
 37270 | D:7      | Killed Dowan
 37309 | D:7      | Killed Duvessa
 37708 | D:11     | Killed Urug
 37990 | D:12     | Reached skill level 1 in Maces & Flails
 38179 | D:12     | Found Potwum's Antique Armour Shop.
 38790 | D:13     | Reached skill level 2 in Maces & Flails
 39038 | D:13     | Reached skill level 3 in Maces & Flails
 39109 | D:13     | Reached skill level 10 in Evocations
 39222 | D:13     | Reached skill level 4 in Maces & Flails
 39624 | D:14     | Reached skill level 5 in Maces & Flails
 39865 | D:14     | Identified the +9 trident of False Accusations {pierce,
                  | *Drain Str+4 Int+3 Stlth+}
 40445 | D:14     | Reached skill level 6 in Maces & Flails
 40470 | D:14     | HP: 31/126 [white ugly thing (26)]
 41099 | D:14     | Reached skill level 7 in Maces & Flails
 41430 | D:15     | Entered Level 15 of the Dungeon
 41430 | D:15     | Found a runed gate.
 41430 | D:15     | Found a runed gate.
 41430 | D:15     | Found a runed gate.
 41432 | D:15     | Identified the +5 executioner's axe of Akhi Qun {drain,
                  | rF+++ MR- Dex+5 Stlth-}
 41438 | D:15     | Noticed Hese's ghost (adept DEFE)
 41582 | D:15     | Found a shadowy altar of Dithmenos.
 42134 | D:15     | Reached skill level 8 in Maces & Flails
 42368 | D:15     | Learned a level 6 spell: Iron Shot
 42437 | D:15     | HP: 19/126 [yaktaur captain (21)]
 42681 | D:15     | Found a staircase to the Depths.
 42765 | D:15     | Reached skill level 9 in Maces & Flails
 42765 | D:15     | Reached XP level 16. HP: 131/134 MP: 18/29
 42831 | D:15     | Found Buler's Assorted Antiques.
 42836 | D:15     | Found Eclot Roeru's General Store.
 43121 | D:15     | Found a roughly hewn altar of Beogh.
 43293 | D:14     | Found a gate to the Vaults.
 43507 | Swamp:1  | Entered Level 1 of the Swamp
 43517 | Swamp:1  | Offered knowledge of Lightning Bolt by Vehumet.
 44927 | Swamp:1  | Reached skill level 10 in Maces & Flails
 45092 | Swamp:1  | Reached skill level 6 in Dodging
 45228 | Swamp:1  | Noticed a thorn hunter
 45242 | Swamp:1  | Killed a thorn hunter
 46328 | Swamp:1  | Got a crude robe
 46329 | Swamp:1  | Identified the cursed +0 robe of the Teacher {*Drain rPois
                  | rF+ rC+} (You found it on level 1 of the Swamp)
 46356 | Swamp:1  | Noticed Roxanne
 46969 | Swamp:2  | Reached skill level 11 in Maces & Flails
 46969 | Swamp:2  | Reached skill level 7 in Dodging
 47967 | Swamp:3  | Noticed a thorn hunter
 47971 | Swamp:3  | Killed a thorn hunter
 48879 | Swamp:3  | Noticed a thorn hunter
 48887 | Swamp:3  | Killed a thorn hunter
 48887 | Swamp:3  | Reached skill level 8 in Dodging
 49386 | Swamp:3  | Reached skill level 12 in Maces & Flails
 49402 | Swamp:3  | Paralysed by a hornet for 3 turns
 49846 | Orc:2    | Bought the +7 sceptre of Torment {pain, torment} for 2520
                  | gold pieces
 49846 | Orc:2    | Found the +7 sceptre of Torment {pain, torment}
 50437 | Swamp:3  | Learned a level 3 spell: Regeneration
 50728 | Lair:4   | Noticed Nergalle
 50738 | Lair:4   | Killed Nergalle
 50738 | Lair:4   | Reached skill level 1 in Necromancy
 50742 | Spider:1 | Entered Level 1 of the Spider Nest
 51195 | Spider:1 | You fall through a shaft!
 51201 | Spider:2 | Reached skill level 2 in Necromancy
 51202 | Spider:2 | Reached XP level 17. HP: 129/140 MP: 30/30
 51263 | Spider:2 | Found a frozen archway.
 51269 | Spider:2 | HP: 32/140 [redback (5)]
 51305 | Spider:2 | Reached skill level 3 in Necromancy
 51365 | Spider:2 | Blown up by an orb spider

Vault maps used:
D:1:      arrival_zaba_pyramid, st_stairs_4, minmay_tromino_v2
D:2:      nemelex_xobeh_ov_fountains_minmay, nicolae_overflow_crystal_walls,
          old_standard_altar, kennysheep_slug_shrine, first_ration
D:3:      tso_oasis_becter, zin_purify, serial_undead, serial_undead_a,
          serial_undead_f, serial_undead_d, serial_undead_a,
          minmay_fountain_box, roderic_roman_lattice, minmay_misc_feat_chi,
          uniq_robin
D:4:      overflow_temple_1_default, minmay_misc_feat_secret_circle,
          uniq_grinder
D:5:      corexii_shantytown, minmay_shop_grid_forest, uniq_ijyb
D:6:      cheibrodos_sewer_entry_sluice, uniq_edmund
D:7:      minmay_temple_entry_waves, lemuel_altar_in_water, uniq_joseph,
          uniq_harold, uniq_duvessa
D:8:      cheibrodos_steamvent, nicolae_ru_sacrificial_ziggurat,
          blue_anna_alchemist
D:9:      lemuel_doored_altar, kennysheep_little_box, dpeg_lair_monsters,
          minmay_guarded_unrand_resistance
D:10:     david_orc_1_choice
D:11:     nrook_campfire, uniq_urug
D:12:     serial_shops, shop, minmay_holes
D:14:     ximxim_vaults_locker_room, grunt_decor_mini_mirrors
D:15:     grunt_enter_depths_snipers, serial_shops,
          nicolae_shop_overgrown_old_shop, shop, interstate_on_off,
          biasface_ghost_orc_armoury, nicolae_dithmenos_shadow_blocks
Temple:   nicolae_temple_hex_pool
Lair:1:   serial_bayou_shore_a, grunt_megastairs_3
Lair:3:   minmay_swamp_entry_swarm
Lair:4:   spider_nest_entry_web_field, serial_bayou_shore_b,
          infiniplex_staircase_pool, grunt_megastairs_1, uniq_nergalle
Lair:6:   minmay_lair_end_frog_pond, slime_altar_1
Swamp:1:  hangedman_swamp_pad, swamp_pool5, hangedman_swamp_ravenous,
          infiniplex_staircase_pool_2, uniq_roxanne
Swamp:2:  evilmike_swamp_ruin_rubble_1, swamp_pool4
Swamp:3:  hangedman_swamp_blocks, swamp_pool2, nicolae_swamp_fairy_circle,
          hangedman_swamp_diagram
Spider:1: nicolae_spider_mines_2, uniq_azrael
Spider:2: portal_ice_cave_entry_ice_statue_one
Orc:2:    grunt_orc_gardens, grunt_orc_garden, grunt_orc_garden,
          grunt_orc_garden, grunt_orc_garden, elf_legates, uniq_josephine
Sewer:    sewer_minmay_w

Skill      XL: |  1  2  3  4  5  6  7  8  9 10 11 12 13 14 15 16 17 |
---------------+----------------------------------------------------+-----
Spellcasting   | 2 3 4 5 6 7 8 9 |  9.8
Conjurations   | 2 3 4 5 6 7 8 9 10 11 12 | 12.2
Fire Magic     | 4 5 6 7 9 10 12 13 | 13.6
Evocations     | 2 3 5 7 8 10 | 10.0
Fighting       | 5 10 | 10.0
Armour         | 4 5 7 8 |  8.0
Dodging        | 3 5 8 |  8.3
Shields        | 4 |  4.1
Stealth        | 3 4 |  4.2
Maces & Flails | 9 12 | 12.7
Necromancy     | 2 3 |  3.5

Action                   |  1- 3 |  4- 6 |  7- 9 | 10-12 | 13-15 | 16-18 || total
-------------------------+-------+-------+-------+-------+-------+-------++-------
Melee: Club              |     8 |       |       |       |       |       ||     8
       Dagger            |    14 |       |       |   115 |   253 |       ||   382
       Short sword       |       |     7 |       |       |       |       ||     7
       Trident           |       |       |   154 |   111 |     3 |       ||   268
       Eveningstar       |       |       |       |       |    41 |   220 ||   261
 Cast: Flame Tongue      |    51 |    81 |   140 |   131 |    92 |     8 ||   503
       Throw Flame       |     1 |    47 |   156 |   239 |   317 |   134 ||   894
       Conjure Flame     |       |     8 |    14 |    42 |    20 |     1 ||    85
       Fireball          |       |       |     4 |    33 |   265 |   131 ||   433
       Sticky Flame      |       |       |    10 |    69 |   138 |    44 ||   261
       Bolt of Fire      |       |       |       |       |    25 |    25 ||    50
Evoke: Wand              |       |       |       |     3 |     6 |     4 ||    13
       Phial of floods   |       |       |       |       |     2 |     2 ||     4
       Box of beasts     |       |       |       |       |       |     1 ||     1
  Use: Scroll            |       |     1 |    14 |    19 |    23 |     9 ||    66
       Potion            |       |       |       |     7 |    10 |    14 ||    31
 Stab: Sleeping          |     1 |       |       |       |       |     2 ||     3
       Paralysed         |       |       |       |       |     5 |       ||     5
       Distracted        |       |       |       |       |     1 |     1 ||     2
       Held in net/web   |       |       |       |       |       |     1 ||     1
       Invisible         |       |       |       |       |       |     3 ||     3
  Eat: Chunk             |     4 |    13 |    21 |    53 |   121 |    40 ||   252
       Ration            |       |       |     2 |     1 |     2 |     5 ||    10
Armor: Robe              |    27 |     7 |    65 |    63 |   118 |       ||   280
       Skin              |       |       |       |    28 |       |       ||    28
       Ring mail         |       |       |       |       |    77 |   135 ||   212
Dodge: Dodged            |    29 |     7 |   117 |   213 |   436 |   349 ||  1151
Block: Buckler           |       |       |       |    63 |   133 |    68 ||   264

Table legend:
 A = Non-vault XP
 B = Vault XP
 C = Vault XP percentage of total XP
 D = Non-vault monster count
 E = Vault monster count
 F = Vault count percentage of total count
                 A         B        C        D         E       F
            +---------+---------+-------+---------+---------+-------
      Total |  135470 |   53028 |  28.1 |     681 |     288 |  29.7
            +---------+---------+-------+---------+---------+-------
        D:1 |      68 |       5 |   6.8 |      25 |       3 |  10.7
        D:2 |      84 |       4 |   4.5 |      19 |       1 |   5.0
        D:3 |     146 |      76 |  34.2 |      24 |      21 |  46.7
        D:4 |     287 |     262 |  47.7 |      16 |       1 |   5.9
        D:5 |     553 |     138 |  20.0 |      16 |      31 |  66.0
        D:6 |    1040 |     170 |  14.0 |      26 |       4 |  13.3
        D:7 |    1572 |    1644 |  51.1 |      22 |       4 |  15.4
        D:8 |     673 |     671 |  49.9 |      20 |       4 |  16.7
        D:9 |    1290 |    3709 |  74.2 |      17 |       8 |  32.0
       D:10 |     554 |     789 |  58.7 |      11 |       9 |  45.0
       D:11 |    7397 |    2601 |  26.0 |      34 |      25 |  42.4
       D:12 |    2866 |       0 |   0.0 |      26 |       0 |   0.0
       D:13 |   10392 |       0 |   0.0 |      20 |       0 |   0.0
       D:14 |    6058 |    3315 |  35.4 |      30 |       9 |  23.1
       D:15 |    7057 |    2300 |  24.6 |      18 |       3 |  14.3
     Temple |     266 |       0 |   0.0 |       1 |       0 |   0.0
     Lair:1 |    3875 |     605 |  13.5 |      25 |       2 |   7.4
     Lair:2 |    4465 |       0 |   0.0 |      23 |       0 |   0.0
     Lair:3 |    7362 |     864 |  10.5 |      31 |       5 |  13.9
     Lair:4 |    4537 |    1331 |  22.7 |      21 |       3 |  12.5
     Lair:5 |    5498 |    4879 |  47.0 |      18 |      18 |  50.0
     Lair:6 |    8777 |    7729 |  46.8 |      33 |      31 |  48.4
    Swamp:1 |   14935 |    4574 |  23.4 |      41 |      16 |  28.1
    Swamp:2 |    9052 |       0 |   0.0 |      22 |       0 |   0.0
    Swamp:3 |   18113 |       0 |   0.0 |      42 |       0 |   0.0
   Spider:1 |    2179 |       0 |   0.0 |       6 |       0 |   0.0
   Spider:2 |    7702 |       0 |   0.0 |      26 |       0 |   0.0
      Orc:1 |    5103 |    1934 |  27.5 |      41 |       4 |   8.9
      Orc:2 |    3569 |   15106 |  80.9 |      27 |      38 |  58.5
      Sewer |       0 |     322 | 100.0 |       0 |      48 | 100.0
            +---------+---------+-------+---------+---------+-------

Vault maps used:
D:1:      arrival_zaba_pyramid, st_stairs_4, minmay_tromino_v2
D:2:      nemelex_xobeh_ov_fountains_minmay, nicolae_overflow_crystal_walls,
          old_standard_altar, kennysheep_slug_shrine, first_ration
D:3:      tso_oasis_becter, zin_purify, serial_undead, serial_undead_a,
          serial_undead_f, serial_undead_d, serial_undead_a,
          minmay_fountain_box, roderic_roman_lattice, minmay_misc_feat_chi,
          uniq_robin
D:4:      overflow_temple_1_default, minmay_misc_feat_secret_circle,
          uniq_grinder
D:5:      corexii_shantytown, minmay_shop_grid_forest, uniq_ijyb
D:6:      cheibrodos_sewer_entry_sluice, uniq_edmund
D:7:      minmay_temple_entry_waves, lemuel_altar_in_water, uniq_joseph,
          uniq_harold, uniq_duvessa
D:8:      cheibrodos_steamvent, nicolae_ru_sacrificial_ziggurat,
          blue_anna_alchemist
D:9:      lemuel_doored_altar, kennysheep_little_box, dpeg_lair_monsters,
          minmay_guarded_unrand_resistance
D:10:     david_orc_1_choice
D:11:     nrook_campfire, uniq_urug
D:12:     serial_shops, shop, minmay_holes
D:14:     ximxim_vaults_locker_room, grunt_decor_mini_mirrors
D:15:     grunt_enter_depths_snipers, serial_shops,
          nicolae_shop_overgrown_old_shop, shop, interstate_on_off,
          biasface_ghost_orc_armoury, nicolae_dithmenos_shadow_blocks
Temple:   nicolae_temple_hex_pool
Lair:1:   serial_bayou_shore_a, grunt_megastairs_3
Lair:3:   minmay_swamp_entry_swarm
Lair:4:   spider_nest_entry_web_field, serial_bayou_shore_b,
          infiniplex_staircase_pool, grunt_megastairs_1, uniq_nergalle
Lair:6:   minmay_lair_end_frog_pond, slime_altar_1
Swamp:1:  hangedman_swamp_pad, swamp_pool5, hangedman_swamp_ravenous,
          infiniplex_staircase_pool_2, uniq_roxanne
Swamp:2:  evilmike_swamp_ruin_rubble_1, swamp_pool4
Swamp:3:  hangedman_swamp_blocks, swamp_pool2, nicolae_swamp_fairy_circle,
          hangedman_swamp_diagram
Spider:1: nicolae_spider_mines_2, uniq_azrael
Spider:2: portal_ice_cave_entry_ice_statue_one
Orc:2:    grunt_orc_gardens, grunt_orc_garden, grunt_orc_garden,
          grunt_orc_garden, grunt_orc_garden, elf_legates, uniq_josephine
Sewer:    sewer_minmay_w

Table legend:
 A = Turns spent in this place as a percentage of turns spent in the entire game.
 B = Non-inter-level travel turns spent in this place as a percentage of non-inter-level travel turns spent in the entire game.
 C = Inter-level travel turns spent in this place as a percentage of turns spent in this place.
 D = Turns resting spent in this place as a percentage of non-inter-level travel turns spent in this place.
 E = Turns spent auto-exploring this place as a percentage of non-inter-level travel turns spent in this place.
 F = Non-inter-level travel turns spent in this place divided by the number of levels of this place that you've seen.
                   A       B       C       D       E      F
               +-------+-------+-------+-------+-------+----------------------
         Total | 100.0 | 100.0 |   6.3 |  38.5 |  47.4 | 1603.9
       Dungeon |  47.7 |  47.5 |   6.8 |  26.9 |  58.1 | 1523.7
        Temple |   0.3 |   0.3 |   6.7 |   0.0 |  85.5 | 152.0
          Lair |  26.6 |  26.7 |   5.8 |  48.2 |  41.4 | 2143.3
         Swamp |  11.8 |  11.8 |   6.4 |  48.2 |  37.4 | 1885.0
   Spider Nest |   0.5 |   0.6 |   0.0 |   3.2 |  19.9 | 138.5
  Orcish Mines |  11.5 |  11.5 |   6.5 |  59.2 |  28.3 | 2760.0
         Sewer |   1.6 |   1.7 |   0.0 |  25.6 |  40.2 | 797.0
               +-------+-------+-------+-------+-------+----------------------

Table legend:
 A = Kills in this place as a percentage of kills in entire the game.
 B = Kills by you in this place as a percentage of kills by you in the entire game.
 C = Kills by friends in this place as a percentage of kills by friends in the entire game.
 D = Other kills in this place as a percentage of other kills in the entire game.
 E = Experience gained in this place as a percentage of experience gained in the entire game.
 F = Experience gained in this place divided by the number of levels of this place that you have seen.
                   A       B       C       D       E      F
               +-------+-------+-------+-------+-------+----------------------
         Total | 100.0 | 100.0 | 100.0 | 100.0 | 100.0 | 6283.3
       Dungeon |  46.1 |  46.6 |  11.1 |   0.0 |  29.6 | 3714.7
        Temple |   0.1 |   0.1 |   0.0 |   0.0 |   0.1 | 266.0
          Lair |  21.7 |  21.6 |  33.3 |   0.0 |  26.5 | 8320.3
         Swamp |  12.5 |  12.3 |   0.0 | 100.0 |  24.8 | 15558.0
   Spider Nest |   3.3 |   2.8 |  55.6 |   0.0 |   5.2 | 4940.5
  Orcish Mines |  11.4 |  11.5 |   0.0 |   0.0 |  13.6 | 12856.0
         Sewer |   5.0 |   5.0 |   0.0 |   0.0 |   0.2 | 322.0
               +-------+-------+-------+-------+-------+----------------------
